 Dungeon Crawl Stone Soup version 0.24.0 (webtiles) character file.

Game seed: 15184460636509393442, levelgen mode: deterministic

144 Mrkan the Ruffian (level 5, -18/53 HPs)
             Began as a Troll Monk on Oct 25, 2019.
             Was a Follower of Ru.
             Demolished by an ogre
             ... wielding a +0 giant club
              (29 damage)
             ... on level 3 of the Dungeon.
             The game lasted 00:04:00 (1635 turns).

Mrkan the Ruffian (Troll Monk)                      Turns: 1635, Time: 00:04:01

Health: -18/53     AC:  6    Str: 20    XL:     5   Next: 5%
Magic:  4/4        EV: 10    Int:  6    God:    Ru [*.....]
Gold:   87         SH:  0    Dex: 12    Spells: 4/4 levels left

rFire    . . .     SeeInvis .     - Unarmed
rCold    . . .     Gourm    +   (no shield)
rNeg     . . .     Faith    .   a - +0 robe
rPois    .         Spirit   .   (helmet restricted)
rElec    .         Reflect  .   (no cloak)
rCorr    .         Harm     .   (gloves unavailable)
MR       .....                  (boots unavailable)
Stlth    ++........             (no amulet)
HPRegen  0.57/turn              (no ring)
MPRegen  0.09/turn              (no ring)

@: no status effects
A: large, unfitting armour, claws 3, fast metabolism 3, gourmand, regeneration
1, shaggy fur 1, tough skin 3, no earth magic, no necromancy magic, no
translocations magic
a: Renounce Religion


You were on level 3 of the Dungeon.
You worshipped Ru.
Ru was aware of your devotion.
You were completely stuffed.

You visited 1 branch of the dungeon, and saw 3 of its levels.

You collected 87 gold pieces.

Inventory:

Missiles
 e - 96 stones (quivered)
 p - a curare-tipped dart
Armour
 a - a +0 robe (worn)
Jewellery
 o - an uncursed ring of see invisible {unknown}
Scrolls
 c - 4 scrolls of teleportation {unknown}
 d - a scroll of amnesia {unknown}
 g - a scroll of enchant armour {unknown}
 h - 2 scrolls of fear {unknown}
 i - a scroll of remove curse {unknown}
 k - a scroll of fog {unknown}
 l - a scroll of identify {unknown}
Potions
 f - a potion of berserk rage {unknown}
 j - 2 potions of magic {unknown}
 m - a potion of ambrosia {unknown}
 n - a potion of curing {unknown}
 q - a potion of flight {unknown}
Comestibles
 b - 8 rations


   Skills:
 + Level 3.3 Fighting
 - Level 2.4 Dodging
 - Level 1.0 Stealth
 * Level 5.0 Unarmed Combat


You had 4 spell levels left.
You didn't know any spells.
Your spell library was empty.

Dungeon Overview and Level Annotations

Branches:
Dungeon (3/15)

Altars:
Fedhas
Hepliaklqana
Nemelex Xobeh
Okawaru
Ru
Xom


Innate Abilities, Weirdness & Mutations

You are too large for most types of armour.
You have claws for hands.
Your metabolism is lightning-fast.
You like to eat raw meat.
Your natural rate of healing is unusually fast.
You are covered in fur. (AC +1)
You have extremely tough skin. (AC +3)
You cannot study or cast Earth magic.
You cannot study or cast Necromancy magic.
You cannot study or cast Translocations magic.


Message History

h - 2 scrolls labeled OCUISO AJU (gained 1) Eating a chunk of flesh.
You eat the chunk of flesh.
This raw flesh tastes great.
An ogre comes into view. It is wielding a +0 giant club.
The ogre shouts!
A hobgoblin comes into view. It is wielding a -2 club.
You barely miss the ogre.
The ogre hits you with a +0 giant club!!
The hobgoblin shouts!
You claw the ogre!
The ogre is severely wounded.
The ogre hits you with a +0 giant club!!
* * * LOW HITPOINT WARNING * * *
You barely miss the ogre.
The ogre is severely wounded.
You barely miss the ogre.
The ogre is severely wounded.
The ogre hits you with a +0 giant club!!
Ouch! That really hurt!
You die...

#..... ... #..
:......... ..^. #.#
.......### ...####.#
..# ... # #......##.#
... #.........# .#
#.......# .# ####...(##
##.#
#.O@.....####..#.###
#..g?######............
....# #####.######. .#.
#......# #......#
#......# #......###
#####........#
.........(..#.####


You could see an ogre and a hobgoblin.

Vanquished Creatures
  Terence (D:2)
  5 adders
  A worm (D:2)
  3 dart slugs (D:1)
  4 leopard geckos
  An orc (D:3)
  4 ball pythons
  7 bats
  3 giant cockroaches
  6 goblins
  6 hobgoblins
  3 jackals (D:2)
  7 kobolds
  5 frilled lizards
  7 rats
63 creatures vanquished.

Notes
Turn   | Place    | Note
-------+----------+-------------------------------------------
     0 | D:1      | Mrkan the Troll Monk began the quest for the Orb.
     0 | D:1      | Reached XP level 1. HP: 22/22 MP: 0/0
    52 | D:1      | Reached XP level 2. HP: 27/29 MP: 1/1
   402 | D:1      | Reached XP level 3. HP: 36/36 MP: 2/2
   521 | D:1      | Reached skill level 4 in Unarmed Combat
   963 | D:2      | Reached XP level 4. HP: 36/45 MP: 3/3
  1215 | D:2      | Noticed Terence
  1243 | D:2      | Killed Terence
  1377 | D:3      | Reached skill level 5 in Unarmed Combat
  1391 | D:3      | Reached XP level 5. HP: 53/53 MP: 4/4
  1499 | D:3      | Found a shimmering altar of Xom.
  1500 | D:3      | Found a hazy altar of Hepliaklqana.
  1500 | D:3      | Noticed a hungry ghost
  1501 | D:3      | Noticed a hungry ghost
  1501 | D:3      | Noticed a spectral ugly thing
  1514 | D:3      | Found a blossoming altar of Fedhas.
  1516 | D:3      | Found a sacrificial altar of Ru.
  1516 | D:3      | Found an iron altar of Okawaru.
  1519 | D:3      | Found a sparkling altar of Nemelex Xobeh.
  1547 | D:3      | Became a worshipper of Ru the Awakened
  1568 | D:3      | Gained mutation: You cannot study or cast Earth magic. [Ru
                  | sacrifice]
  1568 | D:3      | Gained mutation: You cannot study or cast Necromancy magic.
                  | [Ru sacrifice]
  1568 | D:3      | Gained mutation: You cannot study or cast Translocations
                  | magic. [Ru sacrifice]
  1568 | D:3      | Reached * piety under Ru
  1628 | D:3      | Noticed an ogre
  1635 | D:3      | Demolished by an ogre

Levels and vault maps discovered:
D:1:      erik_arrival_cave_to_civilisation [erik_arrival_cave_to_hall],
          layout_basic
D:2:      layout_rooms, uniq_terence
D:3:      layout_rooms, regret_index_temple_of_mockery, minitemple,
          gup_sewer_entry_spiral, first_ration, nrook_mini_vaults
